 Dungeon Crawl Stone Soup version 0.30.1-4-g462c640d31 (webtiles) character file.

Game seed: 8022095314280432030

5208 croobank the Covert (level 10, 0/88 HPs)
             Began as an Armataur Necromancer on Aug 26, 2023.
             Was an Initiate of Yredelemnul.
             Succumbed to a gnoll's poison
             ... on level 9 of the Dungeon.
             The game lasted 00:36:36 (11545 turns).

croobank the Covert (Armataur Necromancer)         Turns: 11545, Time: 00:36:36

Health: 0/88       AC:  4    Str: 13    XL:     10   Next: 35%
Magic:  18/19      EV: 27    Int: 20    God:    Yredelemnul [......]
Gold:   391        SH:  0    Dex: 17    Spells: 17/21 levels left

rFire   . . .        i - +1 dagger (venom)
rCold   . . .        (no shield)
rNeg    . . .        f - +0 robe
rPois   .            (no helmet)
rElec   .            (no cloak)
rCorr   .            (no gloves)
SInv    .            (no barding)
Will    .....        v - amulet of the acrobat
Stlth   ++++         s - +6 ring of dexterity
HPRegen 0.34/turn    (no ring)
MPRegen 0.16/turn

%: acrobat, roll
@: mighty, lethally poisoned (0 -> -1), acrobatic
A: large, rugged brown scales 3, deformed body, armoured tail, roll, long
tongue, awkward tongue
a: Renounce Religion, Recall Undead Harvest


You were on level 9 of the Dungeon.
You worshipped Yredelemnul.
Yredelemnul was noncommittal.
You visited 2 branches of the dungeon, and saw 10 of its levels.
You also visited: Sewer.

You collected 391 gold pieces.

Inventory:

Hand Weapons
 a - a +0 dagger
 b - a +3 sling
 d - a +0 whip
 h - a +2 hand axe
 i - a +1 dagger of venom (weapon)
 o - a +0 falchion
 u - a +2 heavy shortbow
 K - a +0 war axe
Missiles
 k - a throwing net
 p - 3 javelins (quivered)
 B - 4 atropa-tipped darts
 G - 14 poisoned darts
 H - 7 curare-tipped darts
Armour
 f - a +0 robe (worn)
 l - a +1 leather armour
Magical Staves
 C - a staff of fire
Jewellery
 s - a +6 ring of dexterity (left hand)
 v - an amulet of the acrobat (around neck)
 D - the ring of the Fool {Ice rElec MP+9 Int-5}
   (You found it in a sewer)

   [ring of ice]

   It enhances your ice magic.
   Int:       It affects your intelligence (-5).
   rF:        It makes you vulnerable to fire.
   rC:        It protects you from cold.
   rElec:     It insulates you from electricity.
   MP:        It affects your magic capacity (+9).
Wands
 j - a wand of digging (2)
 A - a wand of polymorph (5)
 I - a wand of iceblast (9)
Scrolls
 n - 3 scrolls of noise
 t - 3 scrolls of fog
 x - a scroll of teleportation
 y - 2 scrolls of vulnerability
 E - a scroll of poison
 J - a scroll of fear
 L - 2 scrolls of summoning
 O - 2 scrolls of immolation {unknown}
Potions
 c - 3 potions of attraction
 e - 3 potions of curing
 g - 2 potions of lignification
 m - 2 potions of magic
 r - 2 potions of ambrosia
 w - 4 potions of mutation
 z - 3 potions of invisibility
 F - a potion of haste {unknown}
 M - a potion of experience {unknown}


   Skills:
 + Level 6.0 Fighting
 * Level 1.1 Armour
 + Level 5.3 Dodging
 + Level 8.5 Stealth
 + Level 6.0 Spellcasting
 + Level 6.7 Necromancy


You had 17 spell levels left.
You knew the following spells:

 Your Spells              Type           Power      Damage    Failure   Level
a - Necrotise             Necr           100%       1d9       1%          1
b - Vampiric Draining     Necr           32%        2d8       1%          3

Your spell library contained the following spells:

 Spells                   Type           Power      Damage    Failure   Level
 Sublimation of Blood     Necr           32%        N/A       1%          2
 Agony                    Necr           32%        N/A       19%         5
 Portal Projectile        Hex/Tloc       12%        N/A       30%         3
 Tukima's Dance           Hex            6%         N/A       30%         3
 Leda's Liquefaction      Hex/Erth       3%         N/A       71%         4
 Petrify                  Tmut/Erth      6%         N/A       71%         4
 Blade Hands              Tmut           3%         N/A       96%         5
 Irradiate                Conj/Tmut      3%         3d12      96%         5
 Lee's Rapid Deconstruct  Erth           3%         3d5*      96%         5
 Statue Form              Tmut/Erth      4%         N/A       100%        6
 Animate Dead             Necr           Unusable   N/A       N/A         4

Dungeon Overview and Level Annotations

Branches:
Dungeon (9/15)             Temple (1/1) D:5            Lair (0/5) D:8
  Sewer (visited)
    Orc: D:9-12

Altars:
Ashenzari
Dithmenos
Elyvilon
Fedhas
Hepliaklqana
Nemelex Xobeh
Qazlal
Ru
Sif Muna
Trog
Uskayaw
Wu Jian
Xom
Yredelemnul


Innate Abilities, Weirdness & Mutations

You are completely covered in rugged brown scales. (AC +3, +7% HP)
Armour fits poorly on your strangely shaped body.
You have a long armoured tail.
You roll when moving toward enemies. (Rampage)
Your long tongue fully drains potion bottles. (2x potion effects)
Your tongue gives you trouble enunciating. (1.5x scroll delay)


Message History

Confirm with . or Enter, or press ? or * to list all spells.
Aiming: Necrotise (safe; 1% risk of failure)
Press: ? - help, Shift-Dir - straight line, f - yak
Aim: a yak (ally target, chance to affect: 83%)
The yak writhes in agony.
You feel sick.
Your yak zombie gores the yak!
The yak gores your gnoll zombie! The yak gores your yak zombie. x2
Casting: Necrotise (safe; 1% risk of failure)
Confirm with . or Enter, or press ? or * to list all spells.
Aiming: Necrotise (safe; 1% risk of failure)
Press: ? - help, Shift-Dir - straight line, f/p - yak
Aim: a yak (moderately wounded, chance to affect: 83%)
The yak writhes in agony!
You feel sick.
Your gnoll zombie hits the yak.
Your yak zombie gores the yak.
The yak gores your yak zombie!
Your yak zombie is destroyed!
The yak gores your gnoll zombie.
You roll towards the yak!
You hit the yak.
The yak is poisoned.
The yak is lightly wounded.
You feel sick.
Your gnoll zombie barely misses the yak.
The yak gores your gnoll zombie. The yak barely misses you.
You hit the yak but do no damage.
The yak looks even sicker.
The yak is lightly wounded.
You feel sick.
Your gnoll zombie hits the yak.
The yak barely misses you. x2
The gnoll hits you with a +0 flail.
You feel very mighty all of a sudden.
You slurp down every last drop of the potion of might!
You feel sick. The gnoll hits you with a +0 flail.
* * * LOW HITPOINT WARNING * * *
The yak misses you.
Your gnoll zombie hits the yak.
You hit the yak.
The yak looks as sick as possible!
You tail-slap the yak!
The yak is severely wounded.
You feel sick. The yak gores you!
* * * LOW HITPOINT WARNING * * *
The yak misses you. The gnoll closely misses you.
The gnoll attacks as you move away! The gnoll hits you with a +0 flail.
* * * LOW HITPOINT WARNING * * *
The yak attacks as you move away! The yak gores you.
* * * LOW HITPOINT WARNING * * *
You die...
Your body rises from the dead as a mindless zombie.

...... ...... .##
..... ..## ....# ....#
#...## #....# .
#....###.....#
......##....YY)...#
≈≈............Y..##..#
#≈..........@.gZ......
#....................
#......####..#####...
#.......###..........
#.......##......... .
##...........##....
##............#.....
#..............# ...
................##...


You could see 3 yaks, a gnoll and a friendly gnoll zombie.

Vanquished Creatures
  A komodo dragon (D:8)
  A troll (D:5)
  Grinder (D:6)
  A wyvern (D:7)
  3 yaks
  A basilisk (D:8)
  2 steam dragons
  An acid dragon (D:7)
  An orc warrior (D:7)
  2 ice beasts
  3 black bears
  3 centaurs (D:7)
  Blork the orc (D:6)
  2 kobold brigands (Sewer)
  5 bullfrogs
  6 scorpions
  2 wights (D:7)
  2 killer bees (D:9)
  A cerulean imp (Sewer)
  2 orc priests
  A hound (D:7)
  5 jellies
  Jessica (D:1)
  2 iguanas
  6 orc wizards
  Terence (D:3)
  Robin (D:1)
  8 adders
  9 gnolls
  4 shadow imps
  A white imp (D:7)
  5 ufetubi (Sewer)
  3 worms
  A dart slug (D:1)
  23 orcs
  5 ball pythons
  10 endoplasms
  6 giant cockroaches
  17 goblins
  14 hobgoblins
  9 jackals
  5 quokkas
  9 bats
  7 frilled lizards
  18 kobolds
  A kobold zombie (Sewer)
  10 rats
223 creatures vanquished.

Vanquished Creatures (collateral kills)
  A wyvern (D:8)
  A yak (D:8)
  An ice beast (D:8)
  A bullfrog (D:8)
  A wight (D:7)
  A killer bee (D:9)
  3 sleepcaps
  An iguana (D:6)
  3 gnolls
  2 shadow imps (Sewer)
  A white imp (D:6)
  4 orcs
  2 endoplasms
  A giant cockroach (Sewer)
  A bat (Sewer)
  A frilled lizard (D:2)
  2 kobolds (Sewer)
  A rat (D:2)
28 creatures vanquished.

Vanquished Creatures (others)
  A komodo dragon zombie (D:8)
  A wyvern zombie (D:8)
  A yak zombie (D:9)
  2 bullfrog zombies
  2 centaur zombies (D:7)
  A basilisk zombie (D:8)
  A scorpion zombie (D:7)
  A killer bee zombie (D:9)
  A spectral cerulean imp (Sewer)
  An adder zombie (D:5)
  An iguana zombie (D:6)
  3 jelly zombies
  3 spectral shadow imps (Sewer)
  A spectral white imp (D:7)
  A dart slug (D:4)
  A gnoll zombie (D:6)
  A quokka (D:6)
  2 endoplasm zombies (Sewer)
  2 giant cockroach zombies (Sewer)
  10 kobold zombies (Sewer)
  7 orc zombies
  2 spectral ufetubi (Sewer)
46 creatures vanquished.

Grand Total: 297 creatures vanquished

Notes
Turn   | Place    | Note
-------+----------+-------------------------------------------
     0 | D:1      | croobank the Armataur Necromancer began the quest for the
                  | Orb.
     0 | D:1      | Reached XP level 1. HP: 14/14 MP: 3/3
   119 | D:1      | Found a faded altar of an unknown god.
   337 | D:1      | Reached XP level 2. HP: 21/21 MP: 0/4
  1041 | D:1      | Reached XP level 3. HP: 25/28 MP: 2/6
  1771 | D:2      | Reached skill level 3 in Stealth
  1949 | D:2      | Reached skill level 1 in Fighting
  1949 | D:2      | Reached XP level 4. HP: 37/37 MP: 2/7
  2040 | D:2      | Noticed Jessica
  2041 | D:2      | Noticed Robin
  2057 | D:1      | Killed Jessica
  2159 | D:1      | Killed Robin
  2612 | D:2      | Reached XP level 5. HP: 32/42 MP: 4/8
  3137 | D:3      | Noticed Terence
  3576 | D:3      | Found a bloodstained altar of Trog.
  3790 | D:3      | Killed Terence
  3791 | D:3      | Reached XP level 6. HP: 48/51 MP: 6/10
  4094 | D:4      | Noticed an ice beast
  4107 | D:4      | Killed an ice beast
  4108 | D:4      | Reached skill level 4 in Stealth
  4462 | D:4      | Reached XP level 7. HP: 59/59 MP: 7/11
  5104 | D:5      | Entered Level 5 of the Dungeon
  5134 | D:5      | Reached skill level 5 in Stealth
  5330 | D:5      | Found a staircase to the Ecumenical Temple.
  5371 | Temple   | Entered the Ecumenical Temple
  5385 | Temple   | Became a worshipper of Yredelemnul the Dark
  5505 | D:5      | Reached * piety under Yredelemnul
  5888 | D:6      | Noticed Grinder
  5888 | D:6      | Noticed a troll
  5898 | D:5      | Killed a troll
  5899 | D:5      | Reached XP level 8. HP: 32/68 MP: 12/14
  6100 | D:6      | Reached skill level 5 in Necromancy
  6279 | D:6      | Found a white marble altar of Elyvilon.
  6365 | D:6      | Found a glowing drain.
  6382 | Sewer    | Entered a sewer
  6492 | Sewer    | Reached skill level 6 in Stealth
  6683 | Sewer    | Found a burning altar of Makhleb.
  6711 | Sewer    | Identified the ring of the Fool {Ice rElec MP+9 Int-5}
  7396 | D:6      | Noticed Blork the orc
  7431 | D:6      | Killed Blork the orc
  7432 | D:6      | Reached XP level 9. HP: 52/77 MP: 16/16
  7689 | D:6      | Found a shadowy altar of Dithmenos.
  7716 | D:6      | Paralysed by Grinder for 4 turns
  7726 | D:6      | Killed Grinder
  8042 | D:6      | Found a broken altar of Ashenzari.
  8460 | D:7      | Reached skill level 7 in Stealth
  8460 | D:7      | Reached skill level 5 in Spellcasting
  8565 | D:7      | Reached skill level 5 in Fighting
  9459 | D:7      | Reached ** piety under Yredelemnul
  9791 | D:7      | Found a shimmering altar of Xom.
  9864 | D:7      | Found an ornate altar of the Wu Jian Council.
 10372 | D:8      | Reached skill level 5 in Dodging
 10379 | D:8      | Noticed a komodo dragon
 10399 | D:8      | Killed a komodo dragon
 10400 | D:8      | Reached skill level 8 in Stealth
 10400 | D:8      | Reached XP level 10. HP: 49/88 MP: 18/18
 10594 | D:8      | Found a staircase to the Lair.
 10784 | D:8      | Found a sacrificial altar of Ru.
 11048 | D:8      | Reached *** piety under Yredelemnul
 11390 | D:8      | Learned a level 3 spell: Vampiric Draining
 11531 | D:9      | Reached skill level 1 in Armour
 11545 | D:9      | HP: 1/88 [yak (6)]
 11545 | D:9      | Succumbed to a gnoll's poison

Illustrated notes

Levels and vault maps discovered:
D:1:      wander_arrival_lonely_grave, layout_basic,
          dreamdust_ecumenical_altar_angels_and_demons, grunt_decor_arrowhead,
          fountainhead
D:2:      minmay_thinvault, layout_basic, corexii_item_surrounded_by_moat,
          palyth_stone_intersect, uniq_robin, uniq_jessica
D:3:      layout_loops_ring, old_standard_altar, kennysheep_nub, minivault_14,
          kennysheep_generic_room_2, uniq_terence
D:4:      layout_loops_ring
D:5:      layout_rooms, minmay_temple_entry_overgrown
D:6:      layout_gridville, mainiacjoe_overflow_alcove_1, elyvilon_altar_4,
          lemuel_doored_altar, cheibrodos_sewer_entry_drain, uniq_grinder,
          uniq_blork_the_orc
D:7:      kennysheep_spiral_hall, layout_basic, tgw_xom,
          mainiacjoe_overflow_boulevard
D:8:      layout_loops_ring, nicolae_ru_path_of_blood, erik_lair_dragon
D:9:      layout_cave_pools, lemuel_tele_altar, lightli_temple_of_fire,
          mainiacjoe_overflow_alcove_2, serial_gnoll_camp, gnoll_camp_mini_hut,
          gnoll_camp_huts_basic, gnoll_camp_mini_shop, grums_kennel, uniq_maggie
Temple:   chequers_temple_sunken

Skill      XL: |  1  2  3  4  5  6  7  8  9 10 |
---------------+-------------------------------+-----
Spellcasting   | 2 3 4 5 6 |  6.0
Stealth        | 3 4 5 6 8 |  8.5
Fighting       | 1 2 3 4 5 6 |  6.0
Dodging        | 2 3 4 5 |  5.3
Necromancy     | 4 5 6 |  6.7
Armour         | 1 |  1.1

Action                     |  1- 3 |  4- 6 |  7- 9 | 10-12 || total
---------------------------+-------+-------+-------+-------++-------
  Melee: Unarmed           |     8 |       |       |       ||     8
         Tailslap          |     3 |     5 |    54 |    10 ||    72
         Dagger            |     7 |    46 |   323 |    55 ||   431
         Whip              |     1 |       |       |       ||     1
         Punch             |       |     1 |     5 |       ||     6
   Fire: Sling             |    17 |    58 |       |       ||    75
  Throw: Javelin           |       |       |     7 |       ||     7
         Throwing net      |       |       |     2 |       ||     2
   Cast: Necrotise         |    74 |    64 |    62 |     4 ||   204
         Vampiric Draining |       |       |       |     3 ||     3
  Evoke: Wand              |       |       |     2 |       ||     2
    Use: Scroll            |       |     7 |    11 |     3 ||    21
         Potion            |       |     1 |     6 |     1 ||     8
   Stab: Sleeping          |     2 |     5 |    21 |     2 ||    30
         Distracted        |       |       |     4 |     3 ||     7
 Armour: Robe              |    20 |    30 |   104 |     5 ||   159
  Dodge: Dodged            |    22 |    81 |   324 |    47 ||   474
